[ PARTIDA AOE2 · #493690775 ]
UnrankedEspañoles vs Mongols
Equipo del jugador · VICT
Equipo rival · DERR
[ ANÁLISIS DE REPETICIÓN · EXTRAÍDO DE LA PARTIDA GRABADA ]
Feudal
13:50
Castillos
17:20
Imperial
32:28
| APM promedio | 47.2 |
| APM pico | 117 |
| eAPM promedio | 23.9 |
| Aldeanos / militares | 110 / 48 |
Foco
⚔️ 31.6% · 🌾 68.4%
Conquistador ×37 · Fishing Ship ×21 · Unknown (2626) ×10 · Trebuchet (Packed) ×7 · Missionary ×2 · Petard ×1
Feudal
13:30
Castillos
17:25
Imperial
31:59
| APM promedio | 52.5 |
| APM pico | 97 |
| eAPM promedio | 22.5 |
| Aldeanos / militares | 62 / 34 |
Foco
⚔️ 26.7% · 🌾 73.3%
Mangudai ×29 · Fishing Ship ×11 · Unknown (2626) ×9 · Trebuchet (Packed) ×4 · Scout Cavalry ×1
Mapa de la partida
Recursos iniciales + cada clic de construcción. Líneas = muros · curvas = relieve. ◆ oro · ⬟ piedra · ● bayas · ✦ reliquia · ◌ hueco del cierre
Tu base· Abierta — hueco de 7t
Base de TAG_Wayne· ✓ Cerrada en 17:25 · 28t muro · 1 puerta(s)
Terreno inicial suavizado · ◌ = hueco del cierre detectado · pasá el cursor para detalles
Inputs por minuto
— 北冥有鲲 - - TAG_Wayne
Build order — 北冥有鲲
Primeras 150 de 305 acciones detectadas
| 0:03 | Construir | Town Center |
| 0:31 | Construir | Dock |
| 0:33 | Construir | House |
| 2:14 | Crear | Villager (Male) |
| 2:15 | Crear | Villager (Male) |
| 2:15 | Crear | Villager (Male) |
| 2:18 | Crear | Villager (Male) |
| 2:18 | Crear | Villager (Male) |
| 3:17 | Crear | Fishing Ship |
| 3:18 | Crear | Villager (Male) |
| 3:19 | Crear | Villager (Male) |
| 4:26 | Crear | Villager (Male) |
| 4:26 | Crear | Villager (Male) |
| 4:31 | Construir | House |
| 4:48 | Crear | Villager (Male) |
| 4:48 | Crear | Villager (Male) |
| 5:09 | Crear | Fishing Ship |
| 5:20 | Crear | Villager (Male) |
| 5:20 | Crear | Villager (Male) |
| 5:45 | Crear | Villager (Male) |
| 5:45 | Crear | Villager (Male) |
| 5:51 | Construir | House |
| 6:08 | Crear | Villager (Male) |
| 6:08 | Crear | Villager (Male) |
| 6:11 | Crear | Fishing Ship |
| 6:34 | Crear | Villager (Male) |
| 6:36 | Crear | Fishing Ship |
| 6:48 | Crear | Villager (Male) |
| 6:48 | Crear | Villager (Male) |
| 6:58 | Construir | House |
| 7:03 | Crear | Villager (Male) |
| 7:04 | Crear | Villager (Male) |
| 7:25 | Construir | House |
| 7:27 | Crear | Fishing Ship |
| 7:30 | Crear | Villager (Male) |
| 7:34 | Crear | Villager (Male) |
| 7:34 | Crear | Villager (Male) |
| 7:54 | Crear | Fishing Ship |
| 8:00 | Construir | House |
| 8:33 | Construir | Palisade Wall |
| 8:36 | Crear | Fishing Ship |
| 8:38 | Crear | Villager (Male) |
| 8:39 | Crear | Villager (Male) |
| 8:39 | Crear | Villager (Male) |
| 9:17 | Construir | Lumber Camp |
| 9:35 | Crear | Fishing Ship |
| 9:46 | Crear | Villager (Male) |
| 9:46 | Crear | Villager (Male) |
| 10:13 | Construir | Dock |
| 10:20 | Crear | Villager (Male) |
| 10:25 | Crear | Fishing Ship |
| 10:52 | Construir | House |
| 10:55 | Crear | Fishing Ship |
| 11:04 | Crear | Villager (Male) |
| 11:14 | Construir | Mill |
| 11:33 | Construir | House |
| 11:40 | Investigar | Feudal Age |
| 11:40 | Investigar | Feudal Age |
| 11:51 | Crear | Fishing Ship |
| 11:52 | Crear | Fishing Ship |
| 12:07 | Construir | Mining Camp |
| 12:23 | Construir | Mining Camp |
| 13:14 | Investigar | Loom |
| 13:50 | Edad | Edad Feudal |
| 13:54 | Construir | Market |
| 13:57 | Construir | Blacksmith |
| 14:01 | Investigar | Town Watch |
| 14:35 | Investigar | Castle Age |
| 14:44 | Investigar | Double-Bit Axe |
| 14:45 | Investigar | Double-Bit Axe |
| 14:47 | Investigar | Tech 906 |
| 14:47 | Investigar | Tech 906 |
| 14:57 | Construir | House |
| 15:17 | Investigar | Stone Mining |
| 15:42 | Construir | Dock |
| 16:16 | Crear | Fishing Ship |
| 16:48 | Crear | Unit 2626 |
| 16:48 | Crear | Unit 2626 |
| 16:51 | Crear | Villager (Male) |
| 17:20 | Edad | Edad de los Castillos |
| 17:24 | Construir | Castle |
| 17:31 | Investigar | Bow Saw |
| 17:31 | Investigar | Bow Saw |
| 17:33 | Crear | Villager (Male) |
| 17:44 | Construir | Monastery |
| 17:46 | Construir | House |
| 17:56 | Crear | Villager (Male) |
| 17:57 | Investigar | Wheelbarrow |
| 18:27 | Crear | Missionary |
| 18:45 | Investigar | War Galley (upgrade) |
| 18:46 | Investigar | War Galley (upgrade) |
| 18:48 | Crear | Unit 2626 |
| 18:49 | Crear | Unit 2626 |
| 18:56 | Crear | Conquistador |
| 18:56 | Crear | Conquistador |
| 18:59 | Investigar | Padded Archer Armor |
| 18:59 | Investigar | Padded Archer Armor |
| 19:03 | Crear | Villager (Male) |
| 19:29 | Crear | Villager (Male) |
| 19:34 | Construir | Town Center |
| 19:42 | Crear | Conquistador |
| 19:42 | Crear | Conquistador |
| 19:54 | Crear | Villager (Male) |
| 19:57 | Construir | House |
| 19:58 | Construir | House |
| 19:59 | Construir | House |
| 20:05 | Construir | Stone Wall |
| 20:09 | Investigar | Leather Archer Armor |
| 20:10 | Investigar | Gold Mining |
| 20:10 | Investigar | Gold Mining |
| 20:22 | Crear | Villager (Male) |
| 20:32 | Crear | Unit 2626 |
| 20:32 | Crear | Unit 2626 |
| 20:33 | Crear | Conquistador |
| 20:33 | Crear | Conquistador |
| 20:39 | Crear | Villager (Male) |
| 20:52 | Crear | Conquistador |
| 20:52 | Crear | Conquistador |
| 21:15 | Crear | Petard |
| 21:19 | Crear | Unit 2626 |
| 21:19 | Crear | Unit 2626 |
| 21:19 | Crear | Unit 2626 |
| 21:20 | Crear | Unit 2626 |
| 21:50 | Crear | Conquistador |
| 21:50 | Crear | Conquistador |
| 21:52 | Crear | Villager (Male) |
| 21:52 | Crear | Villager (Male) |
| 21:52 | Crear | Villager (Male) |
| 22:11 | Crear | Villager (Male) |
| 22:12 | Crear | Villager (Male) |
| 22:16 | Construir | Lumber Camp |
| 22:26 | Crear | Conquistador |
| 22:46 | Crear | Villager (Male) |
| 22:46 | Crear | Villager (Male) |
| 22:47 | Crear | Villager (Male) |
| 23:07 | Crear | Missionary |
| 23:23 | Construir | Town Center |
| 23:38 | Construir | Stone Wall |
| 23:45 | Crear | Conquistador |
| 23:45 | Crear | Conquistador |
| 23:46 | Crear | Villager (Male) |
| 23:46 | Crear | Villager (Male) |
| 23:59 | Construir | Dock |
| 24:03 | Crear | Fishing Ship |
| 24:03 | Crear | Fishing Ship |
| 24:03 | Crear | Fishing Ship |
| 24:06 | Crear | Villager (Male) |
| 24:06 | Crear | Villager (Male) |
| 24:24 | Construir | Barracks |
| 24:27 | Crear | Villager (Male) |
Build order — TAG_Wayne
Primeras 150 de 199 acciones detectadas
| 0:11 | Construir | Dock |
| 0:21 | Construir | Town Center |
| 0:31 | Construir | House |
| 1:20 | Construir | Palisade Wall |
| 1:25 | Construir | Palisade Wall |
| 2:24 | Crear | Villager (Male) |
| 2:24 | Crear | Villager (Male) |
| 2:25 | Crear | Villager (Male) |
| 2:25 | Crear | Villager (Male) |
| 3:00 | Construir | House |
| 3:26 | Crear | Villager (Male) |
| 4:14 | Crear | Villager (Male) |
| 4:14 | Crear | Villager (Male) |
| 4:15 | Crear | Fishing Ship |
| 4:15 | Crear | Fishing Ship |
| 4:46 | Construir | House |
| 4:53 | Crear | Villager (Male) |
| 4:53 | Crear | Villager (Male) |
| 4:58 | Investigar | Loom |
| 5:12 | Crear | Villager (Male) |
| 5:26 | Crear | Villager (Male) |
| 5:49 | Crear | Fishing Ship |
| 5:56 | Crear | Villager (Male) |
| 6:03 | Construir | House |
| 6:14 | Construir | House |
| 6:16 | Crear | Villager (Male) |
| 6:36 | Crear | Villager (Male) |
| 6:42 | Crear | Fishing Ship |
| 6:49 | Crear | Villager (Male) |
| 7:11 | Crear | Fishing Ship |
| 7:11 | Crear | Fishing Ship |
| 7:52 | Crear | Villager (Male) |
| 7:57 | Crear | Fishing Ship |
| 8:00 | Construir | House |
| 8:04 | Construir | House |
| 8:12 | Crear | Villager (Male) |
| 8:44 | Crear | Villager (Male) |
| 8:51 | Crear | Fishing Ship |
| 8:55 | Crear | Villager (Male) |
| 9:15 | Construir | House |
| 9:21 | Crear | Fishing Ship |
| 9:25 | Construir | House |
| 9:37 | Construir | House |
| 9:48 | Construir | Mill |
| 9:52 | Construir | House |
| 9:55 | Construir | House |
| 10:03 | Crear | Fishing Ship |
| 10:05 | Crear | Villager (Male) |
| 10:05 | Crear | Villager (Male) |
| 10:25 | Construir | Lumber Camp |
| 10:40 | Crear | Villager (Male) |
| 11:09 | Construir | Mining Camp |
| 11:20 | Investigar | Feudal Age |
| 11:48 | Construir | House |
| 12:11 | Construir | Dock |
| 12:36 | Crear | Villager (Male) |
| 12:59 | Construir | House |
| 13:16 | Crear | Villager (Male) |
| 13:30 | Edad | Edad Feudal |
| 13:35 | Construir | Market |
| 13:50 | Construir | Blacksmith |
| 13:56 | Construir | Stone Wall |
| 13:58 | Construir | Gate |
| 14:09 | Crear | Villager (Male) |
| 14:36 | Investigar | Castle Age |
| 14:50 | Construir | Stone Wall |
| 15:00 | Investigar | Double-Bit Axe |
| 15:00 | Investigar | Double-Bit Axe |
| 15:38 | Crear | Villager (Male) |
| 15:39 | Crear | Villager (Male) |
| 15:46 | Investigar | Tech 906 |
| 15:47 | Investigar | Tech 906 |
| 16:36 | Crear | Villager (Male) |
| 16:53 | Investigar | Gold Mining |
| 17:07 | Crear | Unit 2626 |
| 17:10 | Crear | Unit 2626 |
| 17:25 | Edad | Edad de los Castillos |
| 17:27 | Construir | Castle |
| 17:35 | Investigar | Town Watch |
| 17:46 | Crear | Unit 2626 |
| 17:48 | Crear | Villager (Male) |
| 17:50 | Investigar | Bow Saw |
| 18:33 | Investigar | Fletching |
| 18:34 | Crear | Villager (Male) |
| 18:40 | Crear | Mangudai |
| 18:40 | Crear | Mangudai |
| 18:52 | Crear | Villager (Male) |
| 19:04 | Crear | Unit 2626 |
| 19:15 | Investigar | War Galley (upgrade) |
| 19:15 | Investigar | War Galley (upgrade) |
| 19:23 | Crear | Villager (Male) |
| 19:27 | Crear | Mangudai |
| 19:35 | Crear | Villager (Male) |
| 19:40 | Crear | Villager (Male) |
| 19:49 | Construir | Dock |
| 20:10 | Crear | Unit 2626 |
| 20:12 | Crear | Villager (Male) |
| 20:13 | Crear | Villager (Male) |
| 20:24 | Crear | Mangudai |
| 20:26 | Crear | Villager (Male) |
| 20:41 | Crear | Unit 2626 |
| 20:46 | Crear | Villager (Male) |
| 20:59 | Crear | Villager (Male) |
| 21:02 | Crear | Unit 2626 |
| 21:11 | Crear | Villager (Male) |
| 21:19 | Crear | Mangudai |
| 21:31 | Crear | Fishing Ship |
| 21:34 | Crear | Unit 2626 |
| 21:35 | Crear | Unit 2626 |
| 21:39 | Crear | Villager (Male) |
| 21:45 | Crear | Mangudai |
| 22:02 | Construir | Outpost |
| 22:04 | Investigar | Bodkin Arrow |
| 22:05 | Crear | Villager (Male) |
| 22:22 | Crear | Villager (Male) |
| 22:22 | Crear | Villager (Male) |
| 22:46 | Crear | Mangudai |
| 22:47 | Crear | Villager (Male) |
| 22:47 | Crear | Villager (Male) |
| 22:55 | Construir | Mill |
| 23:08 | Construir | Stone Wall |
| 23:18 | Investigar | Padded Archer Armor |
| 23:21 | Construir | Barracks |
| 23:31 | Crear | Mangudai |
| 23:31 | Crear | Mangudai |
| 23:32 | Crear | Mangudai |
| 23:45 | Construir | Farm |
| 23:47 | Construir | Farm |
| 23:50 | Construir | Farm |
| 23:51 | Construir | Farm |
| 23:57 | Crear | Villager (Male) |
| 23:57 | Crear | Villager (Male) |
| 24:03 | Crear | Villager (Male) |
| 24:03 | Crear | Villager (Male) |
| 24:25 | Construir | Stable |
| 24:26 | Construir | House |
| 24:30 | Investigar | Leather Archer Armor |
| 24:32 | Crear | Mangudai |
| 24:33 | Crear | Mangudai |
| 24:39 | Construir | Farm |
| 24:44 | Construir | House |
| 24:59 | Construir | House |
| 25:16 | Construir | Farm |
| 25:21 | Crear | Villager (Male) |
| 25:23 | Investigar | Bloodlines |
| 25:24 | Investigar | Husbandry |
| 25:30 | Crear | Mangudai |
| 25:53 | Construir | Farm |
| 25:55 | Crear | Villager (Male) |
| 26:01 | Crear | Villager (Male) |
Cronología de la partida
| 0:11 | TAG_Wayne · first_building Dock |
| 0:31 | 北冥有鲲 · first_building Dock |
| 1:20 | TAG_Wayne · wall_segment Palisade Wall x1 |
| 1:25 | TAG_Wayne · wall_segment Palisade Wall x1 |
| 8:33 | 北冥有鲲 · wall_segment Palisade Wall x9 |
| 13:30 | TAG_Wayne · age_up feudal |
| 13:50 | 北冥有鲲 · age_up feudal |
| 13:56 | TAG_Wayne · wall_segment Stone Wall x14 |
| 14:35 | TAG_Wayne · first_market_sell 100 wood |
| 14:50 | TAG_Wayne · wall_segment Stone Wall x12 |
| 17:20 | 北冥有鲲 · age_up castle |
| 17:21 | TAG_Wayne · first_market_buy 100 stone |
| 17:24 | 北冥有鲲 · first_building Castle |
| 17:25 | TAG_Wayne · age_up castle |
| 17:27 | TAG_Wayne · first_building Castle |
| 17:44 | 北冥有鲲 · first_building Monastery |
| 20:05 | 北冥有鲲 · wall_segment Stone Wall x3 |
| 23:08 | TAG_Wayne · wall_segment Stone Wall x1 |
| 23:21 | TAG_Wayne · first_building Barracks |
| 23:38 | 北冥有鲲 · wall_segment Stone Wall x15 |
| 24:24 | 北冥有鲲 · first_building Barracks |
| 24:25 | TAG_Wayne · first_building Stable |
| 25:19 | 北冥有鲲 · wall_segment Stone Wall x4 |
| 25:26 | 北冥有鲲 · first_building Stable |
| 25:36 | 北冥有鲲 · wall_segment Stone Wall x3 |
| 27:15 | TAG_Wayne · first_building Siege Workshop |
| 28:10 | TAG_Wayne · wall_segment Stone Wall x1 |
| 29:12 | 北冥有鲲 · first_market_sell 100 wood |
| 29:13 | 北冥有鲲 · first_market_buy 100 food |
| 31:59 | TAG_Wayne · age_up imperial |
| 32:28 | 北冥有鲲 · age_up imperial |
| 34:01 | TAG_Wayne · first_building Archery Range |
| 34:29 | 北冥有鲲 · first_building Siege Workshop |
| 35:35 | TAG_Wayne · resign |
[ ANÁLISIS IA · 1 CRÉDITO ]
¿Qué pasó realmente en esta partida?
Wolo.gg analiza cada decisión: build order, eco, micro, errores típicos por bracket. Análisis personalizado por WhatsApp o Discord en 30 segundos.
Guía civ
Españoles
Perfil
北冥有鲲